 Dungeon Crawl Stone Soup version 0.26-a0-690-gcb57259078 (webtiles) character file.

Game seed: 12028220677962779804

94715 robertstho the Thaumaturge (level 16, -16/123 HPs)
             Began as a Gnoll Conjurer on Oct 23, 2020.
             Was an Elder of Sif Muna.
             Killed from afar by a deep elf mage (34 damage)
             ... with a bolt of lightning
             ... on level 1 of the Elven Halls.
             The game lasted 01:39:10 (35568 turns).

robertstho the Thaumaturge (Gnoll Conjurer)        Turns: 35568, Time: 01:39:11

Health: -16/123    AC: 17    Str: 11    XL:     16   Next: 12%
Magic:  19/31      EV: 19    Int: 32    God:    Sif Muna [****..]
Gold:   2534       SH:  0    Dex: 21    Spells: 10/38 levels left

rFire    . . .     SeeInvis .   H - +3 trident of Wyrd {venom, Str+7 Int-2}
rCold    + . .     Faith    .   (no shield)
rNeg     . . .     Spirit   .   E - quicksilver dragon scales
rPois    +         Reflect  .   T - +1 hat {MR+}
rElec    .         Harm     .   e - +0 cloak
rCorr    .         Rampage  .   C - +0 pair of gloves {Dex+3}
MR       ++++.                  (no boots)
Stlth    +++++.....             m - amulet of Etzaohae {MR+ Regen+ Str-5 Int+6}
HPRegen  0.70/turn              L - ring of protection from cold
MPRegen  0.22/turn              k - ring "Xueseumm" {*Contam +Fly rPois Dex+4}

@: no status effects
A: distributed training, fangs 1, screaming 1, strong nose
a: Channel Magic, Forget Spell, Divine Exegesis, Renounce Religion, Evoke Flight


You were on level 1 of the Elven Halls.
You worshipped Sif Muna.
Sif Muna was greatly pleased with you.
You visited 4 branches of the dungeon, and saw 24 of its levels.
You also visited: Ice Cave and Volcano.

You collected 3886 gold pieces.
You spent 1352 gold pieces at shops.

Inventory:

Hand Weapons
 H - the +3 trident of Wyrd (weapon) {venom, Str+7 Int-2}
   (You found it on level 6 of the Dungeon)

   It poisons the flesh of those it strikes.
   It affects your strength (+7).
   It affects your intelligence (-2).
 X - a +0 triple sword of holy wrath
 Z - a +2 broad axe of flaming
Missiles
 P - 4 curare-tipped darts (quivered)
Armour
 e - a +0 cloak (worn)
 j - the +1 pair of gloves of Boredom {rC+}
   (You acquired it on level 6 of the Lair of Beasts)

   It protects you from cold.
 C - a +0 pair of gloves of dexterity (worn)
 E - quicksilver dragon scales (worn)
 T - a +1 hat of magic resistance (worn)
Jewellery
 b - an uncursed ring of protection from fire
 d - an uncursed ring of wizardry
 h - an uncursed ring of resist corrosion
 k - the ring "Xueseumm" (right hand) {*Contam +Fly rPois Dex+4}
   (You found it on level 6 of the Lair of Beasts)

   [ring of poison resistance]

   It affects your dexterity (+4).
   It protects you from poison.
   It lets you fly.
   It causes magical contamination when unequipped.
 l - a +4 ring of protection
 m - the amulet of Etzaohae (around neck) {MR+ Regen+ Str-5 Int+6}
   (You found it on level 15 of the Dungeon)

   [amulet of regeneration]

   It affects your strength (-5).
   It affects your intelligence (+6).
   It affects your resistance to hostile enchantments.
   It increases your rate of regeneration.
 v - an uncursed ring of fire
 I - an uncursed ring of magical power
 L - a ring of protection from cold (left hand)
 R - an uncursed ring of see invisible
Wands
 n - a wand of digging (16)
 s - a wand of iceblast (9)
 J - a wand of acid (17)
Scrolls
 c - 8 scrolls of fog
 f - 5 scrolls of enchant armour
 g - 4 scrolls of immolation
 i - 3 scrolls of enchant weapon
 p - 4 scrolls of blinking
 r - a scroll of brand weapon
 t - 4 scrolls of fear
 x - 4 scrolls of magic mapping
 y - 12 scrolls of remove curse
 A - 12 scrolls of teleportation
 N - 2 scrolls of summoning
 Q - a scroll of holy word
 V - 3 scrolls of silence
 W - 8 scrolls of identify
 Y - a scroll of vulnerability
Potions
 a - 9 potions of curing
 q - a potion of mutation
 u - 9 potions of lignification
 w - 5 potions of invisibility
 z - 7 potions of heal wounds
 B - 2 potions of might
 D - a potion of ambrosia
 F - 4 potions of magic
 G - 2 potions of brilliance
 K - 2 potions of haste
 M - 3 potions of berserk rage
 O - a potion of cancellation
 S - 6 potions of stabbing
 U - 2 potions of resistance
Miscellaneous
 o - a lightning rod (4/4)


   Skills:
 + Level 10.5 Fighting
 + Level 10.5 Short Blades
 + Level 10.5 Long Blades
 + Level 10.5 Axes
 + Level 10.5 Maces & Flails
 + Level 10.5 Polearms
 + Level 10.5 Staves
 + Level 10.5 Slings
 + Level 10.5 Bows
 + Level 10.5 Crossbows
 + Level 10.5 Throwing
 + Level 10.5 Armour
 + Level 11.4 Dodging
 + Level 11.3 Stealth
 + Level 10.5 Shields
 + Level 10.5 Unarmed Combat
 + Level 11.5 Spellcasting
 + Level 11.2 Conjurations
 + Level 8.9 Hexes
 + Level 8.9 Summonings
 + Level 8.9 Necromancy
 + Level 8.9 Translocations
 + Level 8.9 Transmutations
 + Level 8.9 Fire Magic
 + Level 8.9 Ice Magic
 + Level 8.9 Air Magic
 + Level 8.9 Earth Magic
 + Level 8.9 Poison Magic
 + Level 11.4 Invocations
 + Level 10.5 Evocations


You had 10 spell levels left.
You knew the following spells:

 Your Spells              Type           Power        Failure   Level
a - Magic Dart            Conj           ####         1%          1
b - Searing Ray           Conj           ######       1%          2
c - Dazzling Flash        Conj/Hex       ######       1%          3
d - Fulminant Prism       Conj/Hex       ######....   1%          4
e - Iskenderun's Mystic   Conj/Tloc      ######..     1%          4
f - Summon Ice Beast      Ice/Summ       ######..     1%          4
g - Summon Lightning Spi  Summ/Air       ######..     1%          4
h - Iron Shot             Conj/Erth      ######....   12%         6

Your spell library contained the following spells:

 Spells                   Type           Power        Failure   Level
 Corona                   Hex            ######.      1%          1
 Foxfire                  Conj/Fire      ####         1%          1
 Sandblast                Erth           ######       1%          1
 Shock                    Conj/Air       ####         1%          1
 Sting                    Tmut/Pois      ####         1%          1
 Summon Small Mammal      Summ           ####         1%          1
 Call Imp                 Summ           ######..     1%          2
 Passwall                 Tmut/Erth      ######..     1%          2
 Poisonous Vapours        Pois/Air       ######       1%          2
 Swiftness                Air            ######..     1%          2
 Call Canine Familiar     Summ           ######..     1%          3
 Confusing Touch          Hex            ######..     1%          3
 Ignite Poison            Fire/Tmut/Pois ######..     1%          3
 Mephitic Cloud           Conj/Pois/Air  ######..     1%          3
 Static Discharge         Conj/Air       ######..     1%          3
 Stone Arrow              Conj/Erth      ######       1%          3
 Summon Guardian Golem    Hex/Summ       ######..     1%          3
 Airstrike                Air            ######....   1%          4
 Cause Fear               Hex            ######....   1%          4
 Ice Form                 Ice/Tmut       ######..     1%          4
 Olgreb's Toxic Radiance  Pois           ######..     1%          4
 Passage of Golubria      Tloc           N/A          1%          4
 Petrify                  Tmut/Erth      ######..     1%          4
 Iskenderun's Battlesphe  Conj           ######..     1%          5
 Bolt of Magma            Conj/Fire/Erth ######....   2%          5
 Fireball                 Conj/Fire      ######....   2%          5
 Lightning Bolt           Conj/Air       ######....   2%          5
 Alistair's Intoxication  Tmut/Pois      ######...    3%          5
 Lee's Rapid Deconstruct  Erth           ######....   3%          5
 Metabolic Englaciation   Hex/Ice        ######....   3%          5
 Silence                  Hex/Air        ######....   3%          5
 Summon Mana Viper        Hex/Summ       ######..     3%          5
 Yara's Violent Unravell  Hex/Tmut       ######....   3%          5
 Freezing Cloud           Conj/Ice/Air   ######....   14%         6
 Ozocubu's Refrigeration  Ice            ######....   21%         6
 Simulacrum               Ice/Necr       ######....   21%         6
 Statue Form              Tmut/Erth      ######...    21%         6
 Orb of Destruction       Conj           ######....   38%         7
 Spellforged Servitor     Conj/Summ      ######....   56%         7
 Discord                  Hex            ######....   100%        8
 Necromutation            Tmut/Necr      ######....   100%        8


Dungeon Overview and Level Annotations

Branches:
Dungeon (15/15)            Temple (0/1) D:4            Lair (6/6) D:11
  Swamp (0/4) Lair:4        Snake (0/4) Lair:3        Slime (0/5) Lair:6
    Orc (2/2) D:11            Elf (1/3) Orc:2        Vaults (0/5) D:14
 Depths (0/5) D:15          IceCv (visited)         Volcano (visited)

Altars:
Cheibriados
Kikubaaqudgha
Makhleb
Nemelex Xobeh
Okawaru
Sif Muna
Trog
Uskayaw
Vehumet
Wu Jian
Xom
Yredelemnul
Zin

Shops:
D:4 **   D:6 !*[   D:10 [*[*(   Orc:2 :(???

Portals:
Pandemonium: Orc:2

Annotations:
D:6 potion shop
Lair:5 2 transporters, ardl's ghost, journeyman DsIE


Innate Abilities, Weirdness & Mutations

Your experience applies equally to all skills.
You have very sharp teeth.
Your uncanny sense of smell can sniff out nearby items.
You occasionally shout uncontrollably at your foes.


Message History

Confirm with . or Enter, or press ? or * to list all spells.
Aiming: Iron Shot (dangerous; 12% risk of failure)
Press: ? - help, Shift-Dir - straight line, f - deep elf mage
Aim: a deep elf mage, wielding a +0 long sword and wearing a +0 leather armour (heavily wounded, wandering, hasn't noticed you)
The iron shot misses the deep elf mage.
The deep elf mage shouts!
The deep elf mage gestures at you while chanting.
The bolt of lightning hits you!! x2
You hit the deep elf mage but do no damage.
The deep elf mage is poisoned.
The deep elf mage is heavily wounded.
The deep elf mage gestures at you while chanting.
The bolt of lightning hits you!!
* * * LOW HITPOINT WARNING * * *
The bolt of lightning hits you!!
* * * LOW HITPOINT WARNING * * *
You feel much better. The deep elf mage casts a spell at you.
The bolt of lightning hits you!!
You die...

#...#
#.<.#
#...#
##)##
#.#
#.#
#.#
##.##
#@).#
#e..#
#.8.#
#...#
#...#
#.8.#
#...#
#...#


You could see a deep elf mage (very poisoned).

Vanquished Creatures
  Gastronok (D:9)
  A frost giant (IceCv)
  Nessos (D:15)
  A red draconian (Volcano)
  Josephine (D:10)
  2 hydras (Lair:6)
  A rakshasa (D:15)
  3 boulder beetles
  3 centaur warriors (D:15)
  7 two-headed ogres
  An ogre mage (D:14)
  A death yak (IceCv)
  A tengu warrior (D:14)
  4 orc high priests (Orc:2)
  2 infernal demonspawn (Orc:2)
  An unseen horror (D:13)
  2 deep elf magi
  5 orc knights
  4 ugly things
  A manticore (D:15)
  A wolf spider (D:15)
  4 orc sorcerers (Orc:2)
  2 salamanders
  3 cyclopes
  12 elephants
  2 black mambas
  An ice statue (IceCv)
  A gargoyle (D:15)
  11 cane toads
  A torpor snail (Lair:6)
  A freezing wraith (D:14)
  7 komodo dragons
  2 trolls
  3 hornets
  15 polar bears
  6 blink frogs
  A meliai zombie (D:15)
  A slime creature (Lair:6)
  65 yaks
  A spriggan (Lair:3)
  A shadow (D:15)
  7 wraiths
  3 basilisks
  4 wyverns
  14 humans
  2 steam dragons (Lair:6)
  6 vampire mosquitoes
  Edmund (D:5)
  A swamp worm (shapeshifter) (D:15)
  2 wargs
  12 water moccasins
  A hell hound (D:13)
  11 orc warriors
  3 black bears
  5 sky beasts
  An ice beast (D:5)
  3 necrophages
  4 phantoms
  26 wolves
  4 ogres
  14 centaurs
  13 bullfrogs
  A wyvern zombie (D:8)
  4 scorpions
  2 troll zombies (D:11)
  5 killer bees (D:8)
  10 wights
  2 howler monkeys
  4 electric eels (D:12)
  A bullfrog zombie (D:4)
  4 hounds
  3 centaur zombies
  4 jellies
  12 orc priests
  2 bullfrog skeletons
  5 centaur skeletons
  8 iguanas
  Natasha (D:2)
  9 orc wizards
  2 hell rats (Lair:5)
  8 worker ants
  A killer bee zombie (D:7)
  6 ogre zombies (D:11)
  A hound zombie (D:6)
  Robin (D:2)
  A worker ant zombie (D:8)
  8 gnolls
  12 adders
  A howler monkey skeleton (D:5)
  2 shadow imps
  A white imp (D:5)
  An ooze (D:2)
  2 adder zombies (D:9)
  An adder skeleton (D:7)
  6 worms
  3 dart slugs
  4 leopard geckos
  50 orcs
  5 bats
  3 giant cockroaches
  12 goblins
  7 hobgoblins
  5 jackals (D:2)
  2 quokkas
  2 ball pythons (D:2)
  5 frilled lizards
  A goblin skeleton (D:11)
  4 goblin zombies (D:11)
  3 hobgoblin zombies (D:11)
  3 kobolds
  A leopard gecko skeleton (D:4)
  2 orc skeletons (D:11)
  15 orc zombies (D:11)
  A quokka skeleton (D:7)
  7 rats
  A fulminant prism (D:5)
588 creatures vanquished.

Vanquished Creatures (collateral kills)
  Rupert (Lair:6)
  Azrael (D:13)
  Snorg (Lair:4)
  2 fire dragons (Lair:6)
  3 hydras
  A two-headed ogre (D:14)
  A death knight (D:12)
  4 centaur warriors
  An orc high priest (Orc:2)
  Sonja (Lair:5)
  A salamander mystic (Volcano)
  A swamp dragon (Lair:6)
  2 orc knights
  An ugly thing (D:14)
  A lindwurm (Lair:6)
  3 deep elf magi
  3 orc sorcerers (Orc:2)
  A cyclops (Orc:2)
  3 salamanders (Volcano)
  5 oklob plants
  7 elephants
  A black mamba (Lair:6)
  A centaur zombie (D:13)
  A gargoyle (D:14)
  A guardian serpent (shapeshifter) (D:15)
  4 torpor snails (Lair:6)
  A freezing wraith (D:12)
  A cane toad (Lair:4)
  A redback zombie (D:13)
  2 rime drakes (Lair:6)
  4 komodo dragons
  3 red devils (Orc:2)
  4 tyrant leeches (Lair:6)
  4 hornets (Lair:6)
  7 polar bears
  7 blink frogs
  9 slime creatures
  2 shadows
  2 wraiths
  19 yaks
  A wyvern (Lair:3)
  A basilisk (Lair:6)
  3 vampire mosquitoes
  A steam dragon (Lair:6)
  A water moccasin (Lair:1)
  A warg (Orc:2)
  A swamp drake (Lair:6)
  4 hell hounds (D:13)
  12 orc warriors (Orc:2)
  An ice beast (D:13)
  3 black bears (Lair:2)
  A phantom (D:10)
  An eye of draining (D:13)
  3 ogres
  10 centaurs
  3 wolves
  A big kobold (D:13)
  3 killer bees (D:13)
  2 scorpions
  3 wights (D:13)
  A jelly (Lair:6)
  2 hounds (D:13)
  12 orc priests (Orc:2)
  8 iguanas
  3 orc wizards
  A worker ant (D:14)
  2 hell rats (Lair:5)
  13 orcs
  5 kobolds (D:13)
  A butterfly (Lair:4)
222 creatures vanquished.

Vanquished Creatures (others)
  A cyclops (D:13)
  2 humans (D:14)
  202 fulminant prisms
  44 fungi
  96 plants
345 creatures vanquished.

Grand Total: 1155 creatures vanquished

Notes
Turn   | Place    | Note
-------+----------+-------------------------------------------
     0 | D:1      | robertstho the Gnoll Conjurer began the quest for the Orb.
     0 | D:1      | Reached XP level 1. HP: 13/13 MP: 6/6
   199 | D:1      | Reached XP level 2. HP: 19/19 MP: 5/7
   374 | D:1      | You fall into a shaft and drop 1 floor!
   484 | D:2      | Reached skill level 5 in Spellcasting
   484 | D:2      | Reached XP level 3. HP: 25/25 MP: 2/9
   621 | D:2      | Reached skill level 1 in Fighting
   621 | D:2      | Reached skill level 1 in Short Blades
   621 | D:2      | Reached skill level 1 in Long Blades
   621 | D:2      | Reached skill level 1 in Axes
   621 | D:2      | Reached skill level 1 in Maces & Flails
   621 | D:2      | Reached skill level 1 in Polearms
   621 | D:2      | Reached skill level 1 in Staves
   621 | D:2      | Reached skill level 1 in Slings
   621 | D:2      | Reached skill level 1 in Bows
   621 | D:2      | Reached skill level 1 in Crossbows
   621 | D:2      | Reached skill level 1 in Throwing
   621 | D:2      | Reached skill level 1 in Armour
   621 | D:2      | Reached skill level 1 in Shields
   621 | D:2      | Reached skill level 1 in Unarmed Combat
   621 | D:2      | Reached skill level 1 in Invocations
   621 | D:2      | Reached skill level 1 in Evocations
   649 | D:2      | Reached XP level 4. HP: 32/32 MP: 11/11
  1200 | D:2      | Found a sparkling altar of Nemelex Xobeh.
  1219 | D:2      | Noticed Robin
  1241 | D:3      | Learned a level 2 spell: Searing Ray
  1245 | D:3      | Learned a level 3 spell: Dazzling Flash
  1250 | D:3      | Learned a level 4 spell: Fulminant Prism
  1429 | D:3      | Reached skill level 1 in Hexes
  1429 | D:3      | Reached skill level 1 in Summonings
  1429 | D:3      | Reached skill level 1 in Necromancy
  1429 | D:3      | Reached skill level 1 in Translocations
  1429 | D:3      | Reached skill level 1 in Transmutations
  1429 | D:3      | Reached skill level 1 in Fire Magic
  1429 | D:3      | Reached skill level 1 in Ice Magic
  1429 | D:3      | Reached skill level 1 in Air Magic
  1429 | D:3      | Reached skill level 1 in Earth Magic
  1429 | D:3      | Reached skill level 1 in Poison Magic
  1432 | D:3      | Reached XP level 5. HP: 37/37 MP: 3/12
  1623 | D:3      | Found an iron altar of Okawaru.
  1689 | D:3      | Found a sparkling altar of Nemelex Xobeh.
  1700 | D:3      | Found a hide-covered altar of Uskayaw.
  1738 | D:3      | Found a shimmering blue altar of Sif Muna.
  1749 | D:3      | Found a basalt altar of Yredelemnul.
  1750 | D:3      | Found a snail-covered altar of Cheibriados.
  1760 | D:3      | Became a worshipper of Sif Muna the Loreminder
  2233 | D:3      | Found a glowing silver altar of Zin.
  2234 | D:3      | Noticed an angel
  2235 | D:3      | Found a shimmering altar of Xom.
  2470 | D:2      | Killed Robin
  2759 | D:2      | Noticed Natasha
  2768 | D:2      | Killed Natasha
  3043 | D:4      | Reached XP level 6. HP: 44/44 MP: 8/13
  3072 | D:4      | Learned a level 4 spell: Iskenderun's Mystic Blast
  3138 | D:4      | Noticed a necrophage
  3152 | D:4      | Killed a necrophage
  3152 | D:4      | Reached skill level 5 in Dodging
  3361 | D:4      | Found Lyrpheg's Lightly-Used Armoury.
  3401 | D:4      | Reached XP level 7. HP: 50/50 MP: 0/15
  3542 | D:4      | Found Pulapsep's Assorted Antiques.
  3581 | D:4      | Reached * piety under Sif Muna
  3802 | D:4      | Found a staircase to the Ecumenical Temple.
  4008 | D:5      | Entered Level 5 of the Dungeon
  4071 | D:5      | Found an ancient bone altar of Kikubaaqudgha.
  4089 | D:5      | Reached skill level 5 in Stealth
  4190 | D:5      | Reached XP level 8. HP: 57/57 MP: 1/16
  4711 | D:5      | Noticed Edmund
  4724 | D:5      | Killed Edmund
  5302 | D:6      | Found Nauduixu's Distillery.
  5385 | D:6      | Bought a potion of heal wounds for 70 gold pieces
  5385 | D:6      | Bought a potion of magic for 112 gold pieces
  5385 | D:6      | Bought a potion of curing for 42 gold pieces
  5385 | D:6      | Bought a potion of degeneration for 14 gold pieces
  5385 | D:6      | Bought a potion of brilliance for 56 gold pieces
  5390 | D:6      | Got an iridescent trident
  5390 | D:6      | Identified the +3 trident of Wyrd {venom, Str+7 Int-2} (You
                  | found it on level 6 of the Dungeon)
  5539 | D:6      | Found Omizet's Assorted Antiques.
  5583 | D:6      | Found Daynan's Armour Shop.
  5586 | D:6      | Reached XP level 9. HP: 65/65 MP: 18/18
  5616 | D:6      | Found a radiant altar of Vehumet.
  5954 | D:7      | Reached ** piety under Sif Muna
  7043 | D:8      | Reached skill level 5 in Invocations
  7574 | D:8      | Found an ornate altar of the Wu Jian Council.
  7833 | D:9      | Reached XP level 10. HP: 63/73 MP: 15/20
  7905 | D:9      | Reached *** piety under Sif Muna
  7923 | D:9      | Reached skill level 5 in Fighting
  7923 | D:9      | Reached skill level 5 in Short Blades
  7923 | D:9      | Reached skill level 5 in Long Blades
  7923 | D:9      | Reached skill level 5 in Axes
  7923 | D:9      | Reached skill level 5 in Maces & Flails
  7923 | D:9      | Reached skill level 5 in Polearms
  7923 | D:9      | Reached skill level 5 in Staves
  7923 | D:9      | Reached skill level 5 in Slings
  7923 | D:9      | Reached skill level 5 in Bows
  7923 | D:9      | Reached skill level 5 in Crossbows
  7923 | D:9      | Reached skill level 5 in Throwing
  7923 | D:9      | Reached skill level 5 in Armour
  7923 | D:9      | Reached skill level 5 in Shields
  7923 | D:9      | Reached skill level 5 in Unarmed Combat
  7923 | D:9      | Reached skill level 5 in Evocations
  8190 | D:9      | Noticed Gastronok
  8260 | D:9      | Killed Gastronok
  8472 | D:10     | Entered Level 10 of the Dungeon
  8692 | D:10     | Found Utetosul's Antique Armour Boutique.
  8745 | D:10     | Noticed Josephine
  8756 | D:10     | Killed Josephine
  8756 | D:10     | Reached XP level 11. HP: 55/81 MP: 13/22
  8769 | D:10     | Found Ping's Assorted Antiques.
  8769 | D:10     | Found Dustrer's Antique Armour Shop.
  8808 | D:10     | Learned a level 4 spell: Summon Ice Beast
  8813 | D:10     | Learned a level 4 spell: Summon Lightning Spire
  8938 | D:10     | Bought a scroll of teleportation for 75 gold pieces
  8938 | D:10     | Bought a scroll labeled EHENTO BAOKEVYI for 25 gold pieces
  8938 | D:10     | Bought a scroll of identify for 50 gold pieces
  8975 | D:10     | Reached skill level 5 in Hexes
  8975 | D:10     | Reached skill level 5 in Summonings
  8975 | D:10     | Reached skill level 5 in Necromancy
  8975 | D:10     | Reached skill level 5 in Translocations
  8975 | D:10     | Reached skill level 5 in Transmutations
  8975 | D:10     | Reached skill level 5 in Fire Magic
  8975 | D:10     | Reached skill level 5 in Ice Magic
  8975 | D:10     | Reached skill level 5 in Air Magic
  8975 | D:10     | Reached skill level 5 in Earth Magic
  8975 | D:10     | Reached skill level 5 in Poison Magic
  9030 | D:10     | Found Xiloni Azife's General Store.
  9036 | D:10     | Bought a scroll of fog for 28 gold pieces
  9036 | D:10     | Bought a scroll of identify for 28 gold pieces
  9036 | D:10     | Bought a scroll of random uselessness for 14 gold pieces
  9036 | D:10     | Bought a scroll of teleportation for 42 gold pieces
  9070 | D:10     | Found Vaohic's Antique Weapon Emporium.
  9546 | D:11     | Noticed a two-headed ogre
  9564 | D:11     | Killed a two-headed ogre
  9676 | D:11     | Reached **** piety under Sif Muna
  9886 | D:11     | Found a staircase to the Orcish Mines.
  9972 | D:11     | Noticed a cyclops
  9980 | D:11     | Killed a cyclops
 10327 | D:11     | Found a staircase to the Lair.
 10327 | D:11     | Noticed a cyclops
 10341 | D:11     | Killed a cyclops
 10832 | D:12     | Noticed a death knight
 10853 | D:12     | Killed a death knight
 10990 | D:12     | Reached XP level 12. HP: 89/89 MP: 19/24
 12821 | Lair:1   | Entered Level 1 of the Lair of Beasts
 14524 | Lair:2   | Found a glowing silver altar of Zin.
 15856 | Lair:2   | Noticed a seven-headed hydra
 15873 | Lair:2   | Killed a seven-headed hydra
 16375 | Lair:3   | Reached XP level 13. HP: 98/98 MP: 21/26
 16636 | Lair:3   | Reached ***** piety under Sif Muna
 16843 | Lair:3   | Found a staircase to the Snake Pit.
 16993 | Lair:3   | Identified Sif Muna's Incunabulum of Dislocation and
                  | Moulding (Sif Muna gifted it to you on level 3 of the Lair
                  | of Beasts)
 16993 | Lair:3   | Received a gift from Sif Muna
 17362 | Lair:3   | Learned a level 6 spell: Iron Shot
 17433 | Lair:4   | Noticed Snorg
 17448 | Lair:4   | Killed Snorg
 17630 | Lair:4   | Found a staircase to the Swamp.
 17809 | Lair:4   | Reached skill level 10 in Conjurations
 18653 | Lair:4   | Identified a scroll of acquirement
 18667 | Lair:4   | Acquired a +0 triple sword of holy wrath
 18941 | D:6      | Bought a scroll of identify for 54 gold pieces
 18941 | D:6      | Bought a scroll of identify for 54 gold pieces
 18941 | D:6      | Bought a scroll labeled FUIN TYSINT for 27 gold pieces
 18941 | D:6      | Bought a grey potion for 24 gold pieces
 18987 | D:4      | Bought a scroll labeled KOFYQUN NOPNE for 24 gold pieces
 18987 | D:4      | Bought a scroll of identify for 48 gold pieces
 19772 | Lair:5   | Found a transporter.
 19847 | Lair:5   | Noticed Sonja
 19856 | Lair:5   | Killed Sonja
 19888 | Lair:5   | Found a dark tunnel.
 19900 | Volcano  | Entered a volcano
 19993 | Volcano  | Noticed a red draconian
 20013 | Volcano  | Killed a red draconian
 20167 | Volcano  | Reached skill level 10 in Spellcasting
 20216 | Volcano  | Got a pair of heavily runed gloves
 20221 | Volcano  | Identified the +1 pair of gloves "Siredgh" {Stlth+} (You
                  | found it in a volcano)
 20546 | Lair:5   | Found a transporter.
 20851 | Lair:5   | Identified the cursed +3 trident of the Walnut {elec,
                  | Int+2}
 20889 | Lair:5   | Found a bloodstained altar of Trog.
 20889 | Lair:5   | Noticed ardl's ghost (journeyman DsIE)
 21272 | Lair:6   | Entered Level 6 of the Lair of Beasts
 21486 | Lair:6   | Reached XP level 14. HP: 97/106 MP: 12/28
 21504 | Lair:6   | Noticed Rupert
 21521 | Lair:6   | Killed Rupert
 21521 | Lair:6   | Reached skill level 10 in Dodging
 22141 | Lair:6   | Reached skill level 10 in Stealth
 22474 | Lair:6   | Found a staircase to the Slime Pits.
 23214 | Lair:6   | Acquired 453 gold pieces
 23431 | Lair:6   | Got a steaming golden ring
 23432 | Lair:6   | Identified the ring "Xueseumm" {*Contam +Fly rPois Dex+4}
                  | (You found it on level 6 of the Lair of Beasts)
 23818 | Orc:1    | Entered Level 1 of the Orcish Mines
 23827 | Orc:1    | Reached skill level 10 in Invocations
 24020 | Lair:6   | Found a runed translucent door.
 24034 | Lair:6   | Acquired the +1 pair of gloves of Boredom {rC+}
 24148 | Lair:6   | Paralysed by a hornet for 2 turns
 25343 | D:13     | Noticed Azrael
 25387 | D:13     | Killed Azrael
 27101 | D:14     | Found a gate to the Vaults.
 28245 | D:14     | Reached XP level 15. HP: 115/115 MP: 4/29
 29097 | D:15     | Entered Level 15 of the Dungeon
 29602 | D:15     | Noticed Nessos
 29879 | D:15     | Reached skill level 10 in Fighting
 29879 | D:15     | Reached skill level 10 in Short Blades
 29879 | D:15     | Reached skill level 10 in Long Blades
 29879 | D:15     | Reached skill level 10 in Axes
 29879 | D:15     | Reached skill level 10 in Maces & Flails
 29879 | D:15     | Reached skill level 10 in Polearms
 29879 | D:15     | Reached skill level 10 in Staves
 29879 | D:15     | Reached skill level 10 in Slings
 29879 | D:15     | Reached skill level 10 in Bows
 29879 | D:15     | Reached skill level 10 in Crossbows
 29879 | D:15     | Reached skill level 10 in Throwing
 29879 | D:15     | Reached skill level 10 in Armour
 29879 | D:15     | Reached skill level 10 in Shields
 29879 | D:15     | Reached skill level 10 in Unarmed Combat
 29879 | D:15     | Reached skill level 10 in Evocations
 30021 | D:15     | Killed Nessos
 30515 | D:15     | Identified the amulet of Etzaohae {MR+ Regen+ Str-5 Int+6}
                  | (You found it on level 15 of the Dungeon)
 30881 | D:15     | Found a staircase to the Depths.
 31368 | Orc:1    | Found a burning altar of Makhleb.
 31427 | Orc:2    | Entered Level 2 of the Orcish Mines
 31427 | Orc:2    | Found a staircase to the Elven Halls.
 31512 | Orc:2    | Found a frozen archway.
 31522 | IceCv    | Entered an ice cave
 31824 | IceCv    | Identified Sif Muna's Papyrus of Execration and Heat (Sif
                  | Muna gifted it to you in an ice cave)
 31824 | IceCv    | Received a gift from Sif Muna
 32581 | IceCv    | Noticed a frost giant
 32751 | IceCv    | Killed a frost giant
 32886 | Orc:2    | Found Myjom's Magic Scroll Boutique.
 32909 | Orc:2    | Bought a scroll of identify for 26 gold pieces
 32909 | Orc:2    | Bought a scroll of identify for 26 gold pieces
 32909 | Orc:2    | Bought a scroll of magic mapping for 45 gold pieces
 32909 | Orc:2    | Bought a scroll of identify for 26 gold pieces
 32909 | Orc:2    | Bought a scroll of identify for 26 gold pieces
 33358 | Orc:2    | Found Deymik's Magic Scroll Shop.
 33359 | Orc:2    | Found Pullex's Magic Scroll Boutique.
 33672 | Orc:2    | Bought a scroll of identify for 30 gold pieces
 33672 | Orc:2    | Bought a scroll of identify for 30 gold pieces
 33672 | Orc:2    | Bought a scroll of vulnerability for 112 gold pieces
 33672 | Orc:2    | Bought a scroll of identify for 30 gold pieces
 33672 | Orc:2    | Bought a scroll of identify for 30 gold pieces
 33674 | Orc:2    | Bought a scroll of identify for 32 gold pieces
 33674 | Orc:2    | Bought a scroll of summoning for 152 gold pieces
 33860 | Orc:2    | Identified Sif Muna's Papyrus of Ashen Malediction (Sif
                  | Muna gifted it to you on level 2 of the Orcish Mines)
 33860 | Orc:2    | Received a gift from Sif Muna
 34391 | Orc:2    | Gained mutation: You occasionally shout uncontrollably at
                  | your foes. [a neqoxec]
 34671 | Orc:2    | Reached XP level 16. HP: 123/123 MP: 16/31
 35053 | Orc:2    | Found Okhesk's Book Shoppe.
 35053 | Orc:2    | Found a one-way gate leading to the halls of Pandemonium.
 35053 | Orc:2    | Found Biusom Weofe's Antique Weapon Emporium.
 35539 | Elf:1    | Entered Level 1 of the Elven Halls
 35567 | Elf:1    | HP: 1/123 [deep elf mage/bolt of lightning (34)]
 35568 | Elf:1    | Killed from afar by a deep elf mage

Illustrated notes

Levels and vault maps discovered:
D:1:      saegor_arrival_simple_d, layout_basic
D:2:      layout_basic, nemelex_diamond_rough_becter, uniq_natasha, uniq_robin
D:3:      lemuel_upstairs_altar, layout_basic,
          grunt_temple_overflow_order_and_chaos_1, grunt_temple_overflow_open,
          okawaru_gym_becter
D:4:      layout_cave_pools, minmay_temple_entry_wispy, serial_shops,
          kennysheep_mini_moat, minmay_misc_feat_plants, minmay_shop_damaged
D:5:      layout_gridville, basic_altar, minmay_holes, uniq_edmund
D:6:      layout_basic, lemuel_doored_altar, serial_shops, shop_fountains,
          nicolae_shop_stone, kennysheep_mini, kennysheep_windowed_goal
D:7:      layout_loops_cross, wad_floor_pattern_2
D:8:      layout_gridville, kennysheep_little_box
D:9:      layout_rooms, uniq_gastronok
D:10:     layout_big_octagon, serial_shops, nicolae_shop_waterfront,
          nicolae_shop_temple_entry_statues_fountains, nicolae_shop_waterfront,
          shop, shop_statue, uniq_josephine
D:11:     layout_irregular_city, lair_entry_dummy, zombieorc2_lemuel
D:12:     layout_stronghold, mrwooster_statue_mirror, disabler_island
D:13:     layout_stronghold, chequers_serial_rivers_large_a, uniq_azrael
D:14:     layout_long_grid, david_vaults_3, solitary_fountain
D:15:     hangedman_depths_entry_try_elsewhere_first, layout_long_grid,
          hangedman_decor_peaks_small, minmay_fountain_box, grunt_ministairs_8,
          uniq_nessos
Lair:1:   layout_cave_pods
Lair:2:   layout_cave_pods, basic_altar, minivault_24, beast_lair_carwin_11,
          grunt_megastairs_4, lemuel_fruit_tree
Lair:3:   layout_gridlike, dummy_snake_entry, grunt_forest_stairs_clearing
Lair:4:   layout_misc_corridors, swamp_mist, minivault_11,
          minmay_lair_oklob_chamber, lemuel_fruit_fields, uniq_snorg
Lair:5:   layout_layer_cave, gammafunk_ghost_wrathful_warriors,
          nicolae_volcano_entry_lava_flow, uniq_sonja
Lair:6:   wormcave, layout_regular_city, guppyfry_lair_end_dragon,
          minmay_slime_entry_pillars, chequers_serial_rivers_micro_a,
          st_stairs_6, minmay_lair_oklob_bushes, uniq_rupert
Orc:1:    layout_caves, bloody_makhleb
Orc:2:    pf_orc_diabolical, layout_diamond_mine,
          portal_ice_cave_entry_pillars_2, serial_shops, shop,
          nicolae_orc_crystal_geode
Elf:1:    elf_arrival_001, layout_loops_corners, serial_shops, shop,
          hangedman_elven_crosses_minicolossus, corexii_checkpoint_b

Skill      XL: |  1  2  3  4  5  6  7  8  9 10 11 12 13 14 15 |
---------------+----------------------------------------------+-----
Spellcasting   | 5 6 7 8 9 10 11 | 11.5
Fighting       | 1 2 3 4 5 6 7 8 9 10 | 10.5
Short Blades   | 1 2 3 4 5 6 7 8 9 10 | 10.5
Long Blades    | 1 2 3 4 5 6 7 8 9 10 | 10.5
Axes           | 1 2 3 4 5 6 7 8 9 10 | 10.5
Maces & Flails | 1 2 3 4 5 6 7 8 9 10 | 10.5
Polearms       | 1 2 3 4 5 6 7 8 9 10 | 10.5
Staves         | 1 2 3 4 5 6 7 8 9 10 | 10.5
Slings         | 1 2 3 4 5 6 7 8 9 10 | 10.5
Bows           | 1 2 3 4 5 6 7 8 9 10 | 10.5
Crossbows      | 1 2 3 4 5 6 7 8 9 10 | 10.5
Throwing       | 1 2 3 4 5 6 7 8 9 10 | 10.5
Armour         | 1 2 3 4 5 6 7 8 9 10 | 10.5
Shields        | 1 2 3 4 5 6 7 8 9 10 | 10.5
Unarmed Combat | 1 2 3 4 5 6 7 8 9 10 | 10.5
Invocations    | 1 2 3 4 5 6 7 8 9 10 11 | 11.4
Evocations     | 1 2 3 4 5 6 7 8 9 10 | 10.5
Hexes          | 1 2 3 4 5 6 7 8 |  8.9
Summonings     | 1 2 3 4 5 6 7 8 |  8.9
Necromancy     | 1 2 3 4 5 6 7 8 |  8.9
Translocations | 1 2 3 4 5 6 7 8 |  8.9
Transmutations | 1 2 3 4 5 6 7 8 |  8.9
Fire Magic     | 1 2 3 4 5 6 7 8 |  8.9
Ice Magic      | 1 2 3 4 5 6 7 8 |  8.9
Air Magic      | 1 2 3 4 5 6 7 8 |  8.9
Earth Magic    | 1 2 3 4 5 6 7 8 |  8.9
Poison Magic   | 1 2 3 4 5 6 7 8 |  8.9
Dodging        | 5 6 7 8 9 10 11 | 11.4
Stealth        | 5 6 7 8 9 10 11 | 11.3
Conjurations   | 8 9 10 11 | 11.2

Action                   |  1- 3 |  4- 6 |  7- 9 | 10-12 | 13-15 | 16-18 || total
-------------------------+-------+-------+-------+-------+-------+-------++-------
Melee: Unarmed           |     6 |       |       |       |       |       ||     6
       Dagger            |     9 |    69 |    86 |       |       |       ||   164
       Bite              |       |     5 |    15 |    25 |   125 |     3 ||   173
       Trident           |       |       |   127 |   228 |   948 |    22 ||  1325
       Punch             |       |       |     1 |     8 |    69 |     2 ||    80
 Cast: Magic Dart        |    32 |     7 |     5 |     2 |       |       ||    46
       Fulminant Prism   |       |    22 |    45 |   115 |    21 |       ||   203
       Searing Ray       |       |    10 |    17 |    45 |    21 |       ||    93
       Iskenderun's Myst |       |       |     1 |    28 |    58 |       ||    87
       Summon Ice Beast  |       |       |       |    25 |   238 |     6 ||   269
       Summon Lightning  |       |       |       |    17 |   150 |     5 ||   172
       Iron Shot         |       |       |       |       |    65 |    17 ||    82
Invok: Channel Magic     |       |       |     2 |    12 |    25 |     2 ||    41
 Abil: Evoke Flight      |       |       |       |       |     1 |       ||     1
  Use: Scroll            |       |       |     7 |     7 |    19 |       ||    33
       Potion            |       |       |       |     1 |       |     1 ||     2
 Stab: Sleeping          |       |     4 |     9 |     3 |     9 |       ||    25
       Distracted        |       |       |     2 |     1 |    13 |       ||    16
Armor: Robe              |     2 |    10 |       |       |       |       ||    12
       Animal skin       |       |     7 |    20 |       |       |       ||    27
       Quicksilver drago |       |       |    59 |    86 |   409 |    19 ||   573
Dodge: Dodged            |    11 |    48 |   161 |   217 |   944 |    21 ||  1402

Table legend: (Time is in decaauts)
 A = Elapsed time spent in this place.
 B = Non-inter-level travel time spent in this place.
 C = Inter-level travel time spent in this place.
 D = Time resting spent in this place.
 E = Time spent auto-exploring this place.
 F = Levels seen in this place.
 G = Mean time per level.
                   A        B        C        D        E       F      G
               +--------+--------+--------+--------+--------+-----+--------+
         Total |  35483 |  32989 |   2494 |   5523 |  20953 |  26 | 1364.7 |
       Dungeon |  19683 |  18120 |   1563 |   3104 |  11678 |  15 | 1312.2 |
          Lair |  11230 |  10340 |    890 |   1434 |   7072 |   6 | 1871.7 |
  Orcish Mines |   2877 |   2838 |     39 |    466 |   1745 |   2 | 1438.5 |
   Elven Halls |     28 |     28 |      0 |      0 |      1 |   1 |   28.0 |
      Ice Cave |   1235 |   1235 |      0 |    406 |    269 |   1 | 1235.0 |
       Volcano |    427 |    427 |      0 |    113 |    187 |   1 |  427.0 |
               +--------+--------+--------+--------+--------+-----+--------+

Top non-repeatable levels by time:
    D:13: 3224 daAuts
  Lair:6: 3161 daAuts
   Orc:2: 2784 daAuts
    D:14: 2264 daAuts
  Lair:1: 2163 daAuts
  Lair:4: 1813 daAuts
  Lair:2: 1700 daAuts
    D:12: 1652 daAuts
    D:11: 1435 daAuts
     D:2: 1350 daAuts
     D:3: 1294 daAuts
     D:8: 1277 daAuts
  Lair:3: 1246 daAuts
   IceCv: 1235 daAuts
    D:15: 1197 daAuts
